 Dungeon Crawl Stone Soup version 0.30.0-20-g3b4254fcbd (webtiles) character file.

Game seed: 10085447391331741056

31 Graphine the Sneak (level 3, 0/28 HPs)
             Began as a Merfolk Brigand on June 2, 2023.
             Succumbed to an adder's poison
             ... on level 2 of the Dungeon.
             The game lasted 00:01:39 (572 turns).

Graphine the Sneak (Merfolk Brigand)                 Turns: 572, Time: 00:01:39

Health: 0/28       AC:  3    Str: 11    XL:     3   Next: 22%
Magic:  3/3        EV: 12    Int: 10    God:
Gold:   92         SH:  0    Dex: 17    Spells: 2/2 levels left

rFire   . . .        a - +2 dagger
rCold   . . .        (no shield)
rNeg    . . .        b - +0 robe
rPois   .            (no helmet)
rElec   .            c - +0 cloak
rCorr   .            (no gloves)
SInv    .            (no boots)
Will    .....        (no amulet)
Stlth   +++          (no ring)
HPRegen 0.24/turn    (no ring)
MPRegen 0.08/turn

%: no passive effects
@: lethally poisoned (0 -> -3)
A: (nimble swimmer 2), mertail
a: no special abilities


You were on level 2 of the Dungeon.
You visited 1 branch of the dungeon, and saw 2 of its levels.

You collected 92 gold pieces.

Inventory:

Hand Weapons
 a - a +2 dagger (weapon)
Missiles
 d - 9 poisoned darts (quivered)
 e - 3 curare-tipped darts
Armour
 b - a +0 robe (worn)
 c - a +0 cloak (worn)
Magical Staves
 h - a staff of death
Potions
 j - a potion of cancellation


   Skills:
 + Level 2.5 Fighting
 + Level 2.8 Short Blades
 + Level 2.2 Throwing
 + Level 2.1 Dodging
 * Level 4.8 Stealth


You had 2 spell levels left.
You didn't know any spells.
Your spell library was empty.

Dungeon Overview and Level Annotations

Branches:
Dungeon (2/15)

Altars:


Innate Abilities, Weirdness & Mutations

((You are very nimble when in or above water. (Stealth+, EV+, Speed+++)))
Your lower body shifts to a powerful aquatic tail in water.


Message History

You feel sick.
The jackal bites you but does no damage.
The jackal closely misses you. The adder closely misses you.
It was a potion of cancellation.
You feel magically purged.
You feel sick. The endoplasm freezes you.
You are frozen.
* * * LOW HITPOINT WARNING * * *
The jackal closely misses you. The adder bites you but does no damage.
It was a potion of curing.
You feel better.
The jackal bites you but does no damage.
The endoplasm hits you. The adder bites you.
You are poisoned.
The adder poisons you!
The jackal bites you but does no damage.
Unknown command.
You hit the adder.
The adder is almost dead.
You feel sick. The endoplasm hits you.
* * * LOW HITPOINT WARNING * * *
The adder misses you. The jackal bites you.
* * * LOW HITPOINT WARNING * * *
You hit the adder.
The adder is almost dead.
* * * LOW HITPOINT WARNING * * *
You feel sick. The adder bites you but does no damage.
The endoplasm freezes you.
You are frozen.
* * * LOW HITPOINT WARNING * * *
The jackal barely misses you.
You hit the adder.
You kill the adder!
* * * LOW HITPOINT WARNING * * *
You feel sick. The endoplasm misses you.
You have reached level 3!
Your experience leads to an increase in your attributes!
Increase (S)trength, (I)ntelligence, or (D)exterity?
You feel agile. x2
Okay, then.
You hit the jackal but do no damage.
You die...

...###..# #.#
........####..#
..............#
.......<.#..#
...........#
..........##
..........#
........#h##
#........h@#
########.J.#
#...# #...#
#####


You could see an endoplasm and 2 jackals.

Vanquished Creatures
  An adder (D:2)
  2 endoplasms (D:1)
  A giant cockroach (D:1)
  3 goblins (D:1)
  3 hobgoblins (D:1)
  A quokka (D:1)
  2 ball pythons
  A bat (D:1)
  2 frilled lizards (D:1)
  2 kobolds (D:1)
  3 rats (D:1)
21 creatures vanquished.

Notes
Turn   | Place    | Note
-------+----------+-------------------------------------------
     0 | D:1      | Graphine the Merfolk Brigand began the quest for the Orb.
     0 | D:1      | Reached XP level 1. HP: 16/16 MP: 1/1
    61 | D:1      | Reached XP level 2. HP: 23/23 MP: 2/2
   571 | D:2      | HP: 1/23 [poisoned by an adder]
   572 | D:2      | Reached XP level 3. HP: 1/28 MP: 3/3
   572 | D:2      | Succumbed to an adder's poison

Illustrated notes

Levels and vault maps discovered:
D:1:      lightli_arrival_lavapool, layout_rooms
D:2:      layout_rooms, serial_glass, glass_columns_b, glass_columns_b,
          minmay_strange_pillars, due_unseen_surprise, feat_on_display,
          item_on_display_a, basic_altar

Skill      XL: |  1  2 |
---------------+-------+-----
Dodging        | 2 |  2.1
Fighting       | |  2.5
Short Blades   | |  2.8
Throwing       | |  2.2
Stealth        | |  4.8

Action                     || total
---------------------------++-------
  Melee: Dagger            ||    61
    Use: Scroll            ||     2
         Potion            ||     2
   Stab: Sleeping          ||     6
 Armour: Robe              ||    13
  Dodge: Dodged            ||    36
